 Dungeon Crawl Stone Soup version 0.23.2-1-ga50397a (webtiles) character file.

Game seed: 11885667218903638361

137 eccles the Cudgeler (level 5, -1/53 HPs)
             Began as a Troll Berserker on May 17, 2019.
             Was a Believer of Trog.
             Slain by a gnoll
             ... wielding a +0 halberd
              (4 damage)
             ... on level 2 of the Dungeon.
             The game lasted 00:07:37 (1188 turns).

eccles the Cudgeler (Troll Berserker)               Turns: 1188, Time: 00:07:38

Health: -1/53      AC:  6    Str: 25    XL:     5   Next: 0%
Magic:  4/4        EV: 10    Int:  4    God:    Trog [**....]
Gold:   52         SH:  0    Dex:  9    Spells: 4/4 levels left

rFire    . . .     SeeInvis .   a - +0 mace
rCold    . . .     Gourm    +   (no shield)
rNeg     . . .     Faith    .   b - +0 animal skin
rPois    .         Spirit   .   (helmet restricted)
rElec    .         Reflect  .   (no cloak)
rCorr    .         Harm     .   (gloves unavailable)
MR       .....                  (boots unavailable)
Stlth    +.........             (no amulet)
HPRegen  0.57/turn              (no ring)
MPRegen  0.09/turn              (no ring)

@: no status effects
A: large, unfitting armour, claws 3, fast metabolism 3, gourmand, regeneration
1, shaggy fur 1, tough skin 3
a: Berserk, Trog's Hand, Renounce Religion


You were on level 2 of the Dungeon.
You worshipped Trog.
Trog was pleased with you.
You were very full.

You visited 1 branch of the dungeon, and saw 2 of its levels.

You collected 52 gold pieces.

Inventory:

Hand Weapons
 a - a +0 mace (weapon)
 n - a +0 mace of protection
Missiles
 k - 47 bolts
 m - 18 arrows
Armour
 b - a +0 animal skin (worn)
 j - a +0 leather armour
Jewellery
 g - an uncursed ring of stealth {unknown}
 p - an uncursed ring of fire {unknown}
 t - a cursed ring of teleportation {unknown}
Wands
 s - a wand of digging (5)
Scrolls
 d - a scroll of enchant weapon {unknown}
 e - a scroll of fear {unknown}
 l - a scroll of remove curse {unknown}
 q - a scroll of magic mapping {unknown}
 r - a scroll of teleportation {unknown}
Potions
 h - a potion of degeneration {unknown}
 i - a potion of flight {unknown}
 o - 2 potions of brilliance {unknown}
Comestibles
 c - 9 rations
 f - 2 chunks of flesh


   Skills:
 * Level 3.2 Fighting
 * Level 4.4 Maces & Flails
 + Level 2.6 Dodging


You had 4 spell levels left.
You didn't know any spells.
Your spell library was empty.

Dungeon Overview and Level Annotations

Branches:
Dungeon (2/15)

Altars:
Dithmenos
Ru
Uskayaw


Innate Abilities, Weirdness & Mutations

You are too large for most types of armour.
You have claws for hands.
Your metabolism is lightning-fast.
You like to eat raw meat.
Your natural rate of healing is unusually fast.
You are covered in fur. (AC +1)
You have extremely tough skin. (AC +3)


Message History

a cursed -3 halberd; a gnoll corpse You closely miss the gnoll.
The gnoll shouts!
The gnoll hits you with a +0 halberd!
You closely miss the gnoll. You closely miss the gnoll.
The gnoll hits you with a +0 halberd. The gnoll hits you with a +0 flail!
The gnoll misses you.
You hit the gnoll.
The gnoll is lightly wounded.
The gnoll hits you with a +0 halberd.
* * * LOW HITPOINT WARNING * * *
The gnoll hits you but does no damage. The gnoll barely misses you.
You barely miss the gnoll.
The gnoll is lightly wounded.
The gnoll barely misses you. The gnoll hits you with a +0 flail!
* * * LOW HITPOINT WARNING * * *
The gnoll hits you from afar with a +0 halberd.
* * * LOW HITPOINT WARNING * * *
The gnoll hits you with a +0 halberd.
You die...

########## #
######........#
###._....######.#
......÷....# #.#
###.######.####g######
# #.# #...gg)@†.$.#
#.### .....#####.#.#
#...# #.##.# #.#.#
#.#.._..# .# #.#.#
#.###.### #.#.# ##.# #
#.#.# ##..###.# #.#.#
#.......#
#..÷############
#..######
#..#............


You could see 3 gnolls.

Vanquished Creatures
  Terence (D:2)
  Jessica (D:2)
  2 adders (D:2)
  A gnoll (D:2)
  A worm (D:2)
  2 dart slugs (D:1)
  2 leopard geckos (D:2)
  7 bats
  A giant cockroach (D:1)
  4 goblins
  6 hobgoblins
  2 jackals (D:2)
  3 quokkas (D:2)
  3 frilled lizards
  5 kobolds
  8 rats
49 creatures vanquished.

Notes
Turn   | Place    | Note
-------+----------+-------------------------------------------
     0 | D:1      | eccles the Troll Berserker began the quest for the Orb.
     0 | D:1      | Reached XP level 1. HP: 22/22 MP: 0/0
   171 | D:1      | Reached skill level 3 in Maces & Flails
   171 | D:1      | Reached XP level 2. HP: 21/29 MP: 1/1
   487 | D:1      | Reached XP level 3. HP: 36/36 MP: 2/2
   495 | D:1      | Reached ** piety under Trog
   603 | D:2      | Found a sacrificial altar of Ru.
   689 | D:2      | Found a shadowy altar of Dithmenos.
   691 | D:2      | Found a hide-covered altar of Uskayaw.
   878 | D:2      | Noticed Jessica
   886 | D:2      | Killed Jessica
   886 | D:2      | Reached XP level 4. HP: 33/45 MP: 3/3
   907 | D:2      | Reached skill level 4 in Maces & Flails
  1059 | D:2      | Noticed Terence
  1076 | D:2      | Killed Terence
  1181 | D:2      | Reached XP level 5. HP: 36/53 MP: 4/4
  1188 | D:2      | Slain by a gnoll

Skill      XL: |  1  2  3  4 |
---------------+-------------+-----
Maces & Flails | 3 4 |  4.4
Fighting       | 3 |  3.2
Dodging        | |  2.6

Action                   |  1- 3 |  4- 6 || total
-------------------------+-------+-------++-------
Melee: Mace              |   104 |    49 ||   153
  Eat: Chunk             |    12 |     4 ||    16
Armor: Animal skin       |    51 |    15 ||    66
Dodge: Dodged            |    79 |    26 ||   105
